 Dungeon Sprint DCSS version 0.24.0-1-gfbc8707 (webtiles) character file.

Game seed: 5636413776843466850, levelgen mode: deterministic

13566 Fang the Warrior (level 12, -6/132 HPs)
             Began as a Gargoyle Berserker on Nov 6, 2019.
             Was the Champion of Trog.
             Killed by the air
             ... invoked by a spriggan air mage
              (7 damage)
             ... in the Dungeon (Sprint V: "Ziggurat Sprint").
             The game lasted 00:04:36 (812 turns).

Fang the Warrior (Gargoyle Berserker)                Turns: 812, Time: 00:04:37

Health: -6/132     AC: 42    Str: 31    XL:     12   Next: 7%
Magic:  21/21      EV: 15    Int:  9    God:    Trog [******]
Gold:   0          SH: 33    Dex:  9    Spells: 11/11 levels left

rFire    . . .     SeeInvis +   a - +5 broad axe (flame)
rCold    + . .     Gourm    .   E - +18 shield of the Gong {rElec rN+ MR+ EV-5}
rNeg     + + +     Faith    .   b - +15 Maxwell's patent armour {-Cast -Tele rElec MR+ rCorr}
rPois    ∞         Spirit   .   (no helmet)
rElec    +         Reflect  .   y - +2 cloak of Qint {rN+ Regen+ rCorr Str+3}
rCorr    +         Harm     .   (no gloves)
MR       ++...     NoTele   +   (no boots) Stlth ..........NoCast +
                                (no amulet)
HPRegen  0.72/turn              G - ring of Phasing {EV+8}
MPRegen  0.17/turn              F - ring "Astrer" {rC+ MP+9 Str-2 SInv}

@: berserking, very quick
A: negative energy resistance 1, electricity resistance, unbreathing,
petrification resistance, rot immunity, AC +8
a: Berserk, Trog's Hand, Brothers in Arms, Renounce Religion


You were in the Dungeon.
You worshipped Trog.
Trog was exalted by your worship.
You were very hungry.

You visited 1 branch

Inventory:

Hand Weapons
 a - a +5 broad axe of flaming (weapon)
 A - a +3 broad axe of electrocution
 J - a +6 antimagic broad axe
 M - the +8 mithril axe "Arga" {speed, MR+}
   (You found it in the Dungeon)

   Attacks with this weapon are significantly faster.
   It affects your resistance to hostile enchantments.
Armour
 b - the +15 Maxwell's patent armour (worn) {-Cast -Tele rElec MR+ rCorr}
   (You found it in the Dungeon)

   It insulates you from electricity.
   It affects your resistance to hostile enchantments.
   It prevents spellcasting.
   It prevents most forms of teleportation.
   It provides partial protection from all sources of acid and corrosion.
 y - the +2 cloak of Qint (worn) {rN+ Regen+ rCorr Str+3}
   (You found it in the Dungeon)

   It affects your strength (+3).
   It protects you from negative energy.
   It increases your rate of regeneration.
   It provides partial protection from all sources of acid and corrosion.
 E - the +18 shield of the Gong (worn) {rElec rN+ MR+ EV-5}
   (You found it in the Dungeon)

   It affects your evasion (-5).
   It insulates you from electricity.
   It protects you from negative energy.
   It affects your resistance to hostile enchantments.
Jewellery
 g - an uncursed ring of protection from magic
 o - the ring of Ifess {rF+ rC- rCorr Str+2}
   (You found it in the Dungeon)

   [ring of resist corrosion]

   It affects your strength (+2).
   It protects you from fire.
   It makes you vulnerable to cold.
   It provides partial protection from all sources of acid and corrosion.
 z - an uncursed ring of protection from magic
 B - the amulet "Hoblept" {Acrobat rF- rC+ rN+ SInv}
   (You found it in the Dungeon)

   [amulet of the acrobat]

   It helps you evade while moving and waiting.
   It makes you vulnerable to fire.
   It protects you from cold.
   It protects you from negative energy.
   It lets you see invisible.
 C - a +6 ring of strength
 D - a +6 ring of strength
 F - the ring "Astrer" (right hand) {rC+ MP+9 Str-2 SInv}
   (You found it in the Dungeon)

   [ring of magical power]

   It affects your strength (-2).
   It protects you from cold.
   It affects your magic capacity (+9).
   It lets you see invisible.
 G - the ring of Phasing (left hand) {EV+8}
   (You found it in the Dungeon)

   [ring of evasion]

   It affects your evasion (+8).
 H - an uncursed ring of ice
 K - the amulet of Incredulity {Gourm Int+3 Dex+8 Slay-4 Stlth+}
   (You found it in the Dungeon)

   [amulet of the gourmand]

   It allows you to eat raw meat even when not hungry.
   It affects your intelligence (+3).
   It affects your dexterity (+8).
   It affects your accuracy and damage with ranged weapons and melee attacks
   (-4).
   It makes you more stealthy.
 L - an uncursed ring of magical power
Wands
 u - a wand of disintegration (7)
 v - a wand of iceblast (7)
 w - a wand of acid (7)
Scrolls
 i - 4 scrolls of blinking
 j - 7 scrolls of fog
 k - a scroll of holy word
 l - 5 scrolls of identify
 m - 5 scrolls of remove curse
 n - 2 scrolls of fear
 I - a scroll of brand weapon
Potions
 d - 10 potions of curing
 e - 14 potions of heal wounds
 f - 6 potions of haste
 h - 3 potions of berserk rage
 p - 2 potions of invisibility
 q - 4 potions of resistance
 r - a potion of experience
 s - 5 potions of agility
 t - 5 potions of might
Comestibles
 c - 7 rations
 x - 7 chunks of flesh


   Skills:
 * Level 16.0 Fighting
 * Level 13.8 Axes
 + Level 11.8 Armour
 + Level 9.2 Dodging
 * Level 15.8 Shields


You had 11 spell levels left.
You didn't know any spells.
Your spell library was empty.

Dungeon Overview and Level Annotations

Branches:
Dungeon (1/1)

Altars:
Ashenzari
Cheibriados
Dithmenos
Elyvilon
Fedhas
Gozag
Hepliaklqana
Kikubaaqudgha
Makhleb
Nemelex Xobeh
Okawaru
Qazlal
Ru
Sif Muna
Trog
Uskayaw
Vehumet
Wu Jian
Xom
Yredelemnul
Zin
The Shining One
Beogh
Jiyva
Lugonu

Annotations:
D 1 transporter


Innate Abilities, Weirdness & Mutations

You are resistant to torment.
Your stone body is resilient. (AC +8)
You are immune to poison.
You resist negative energy. (rN+)
You are resistant to electric shocks. (rElec)
You can survive without breathing.
You are immune to petrification.
You are immune to rotting.


Message History

PANG!
The spriggan air mage closely misses you.
You slash the dire elephant! You burn the dire elephant!
You feel the power of Trog in you as your rage grows.
You kill the dire elephant!
Trog accepts your kill. Something appears at your feet!
Trog grants you a weapon!
Your Fighting skill increases to level 16!
You have reached level 12!
Your experience leads to an increase in your attributes!
Your base attributes are Str 24, Int 8, Dex 9.
Increase (S)trength, (I)ntelligence, or (D)exterity?
You feel stronger.
You feel clever.
Your Maxwell's patent armour prevents you from hitting the spriggan air mage.
You hit the apis. You burn the apis. You closely miss the spriggan air mage.
You hit the apis but do no damage.
The spriggan air mage waves its arms in wide circles.
The air twists around and strikes you!
You die...

▓▓▓▓▓▓▓▓▓▓▓
▓...8©8...▓...8©8...▓
▓..:[|).:.▓..[..:|..▓
▓....)}}..▓...))[...▓
▓.........▓.........▓
▓.........▓.........▓
▓.........▓.........▓
▓...iYi...▓.........▓
▓..▓@..▓..▓...†.†...▓
▓.▓Y.i..▓.▓.▓.†...▓.▓
▓....©....▓....©....▓
▓▓▓▓▓▓▓▓▓▓▓▓▓▓▓▓▓▓▓▓▓


You could see 2 apis, a spriggan rider and 2 spriggan air magi.

Vanquished Creatures
  A spriggan defender (D)
  An entropy weaver (D)
  A dire elephant (D)
  A spriggan air mage (D)
  An anaconda (D)
  A wolf spider (D)
  4 draconians (D)
  A rime drake (D)
  A komodo dragon (D)
  3 freezing wraiths (D)
  2 demonic crawlers (D)
  A polar bear (D)
  6 merfolk (D)
  A wind drake (D)
  A jumping spider (D)
  3 hornets (D)
  4 redbacks (D)
  2 spriggans (D)
  2 yaks (D)
  A basilisk (D)
  A golden eye (D)
  3 nagas (D)
  3 floating eyes (D)
  A porcupine (D)
  A water moccasin (D)
  2 black bears (D)
  An ice beast (D)
  2 centaurs (D)
  3 wolves (D)
  A bullfrog (D)
  4 scorpions (D)
  2 jellies (D)
  An iguana (D)
  An adder (D)
  A white imp (D)
  3 ball pythons (D)
  2 bat simulacra (D)
70 creatures vanquished.

Notes
Turn   | Place    | Note
-------+----------+-------------------------------------------
     0 | D        | Fang the Gargoyle Berserker began the quest for the Orb.
     0 | D        | Reached XP level 1. HP: 14/14 MP: 1/1
     7 | D        | Found a blossoming altar of Fedhas.
     8 | D        | Found the +6 Majin-Bo {vamp, Archmagi MP+6 Int+6}
     8 | D        | Found the +7 great mace "Firestarter" {inner flame, rF++}
     8 | D        | Found a transporter.
     8 | D        | Found a viscous altar of Jiyva.
     8 | D        | Found an ancient bone altar of Kikubaaqudgha.
     8 | D        | Found a hazy altar of Hepliaklqana.
     8 | D        | Found a corrupted altar of Lugonu.
     8 | D        | Found an opulent altar of Gozag.
     8 | D        | Found a burning altar of Makhleb.
    14 | D        | Found an iron altar of Okawaru.
    14 | D        | Found a sparkling altar of Nemelex Xobeh.
    14 | D        | Found a stormy altar of Qazlal.
    14 | D        | Found a sacrificial altar of Ru.
    14 | D        | Found a shimmering blue altar of Sif Muna.
    19 | D        | Found the +9 heavy crossbow "Sniper" {velocity, Acc+∞ SInv}
    19 | D        | Found the +10 dark maul {crush}
    19 | D        | Found the +15 Maxwell's patent armour {-Cast -Tele rElec
                  | MR+ rCorr}
    19 | D        | Found the +18 shield of the Gong {rElec rN+ MR+ EV-5}
    19 | D        | Found the cursed +14 obsidian axe {chop, +Fly SInv *Curse}
    34 | D        | Found a bloodstained altar of Trog.
    77 | D        | Entered arena 2.
    77 | D        | Noticed a scorpion
    77 | D        | Noticed a scorpion
    77 | D        | Found a transporter.
    79 | D        | Killed a scorpion
    79 | D        | Reached skill level 5 in Fighting
    79 | D        | Reached XP level 2. HP: 21/21 MP: 2/2
    79 | D        | Reached XP level 3. HP: 26/26 MP: 3/3
    81 | D        | Killed a scorpion
    81 | D        | Reached XP level 4. HP: 32/32 MP: 4/4
   195 | D        | Entered arena 3.
   195 | D        | Noticed a jumping spider
   195 | D        | Found a transporter.
   198 | D        | Reached ** piety under Trog
   198 | D        | Reached skill level 6 in Fighting
   198 | D        | Reached skill level 5 in Axes
   198 | D        | Reached skill level 5 in Shields
   198 | D        | Reached XP level 5. HP: 37/37 MP: 5/5
   199 | D        | Killed a jumping spider
   199 | D        | Reached skill level 8 in Fighting
   199 | D        | Reached skill level 5 in Armour
   199 | D        | Reached XP level 6. HP: 44/44 MP: 6/6
   336 | D        | Entered arena 4.
   336 | D        | Noticed a yak
   336 | D        | Found a transporter.
   337 | D        | Found the +8 demon trident "Rift" {distort, reach+}
   343 | D        | Reached XP level 7. HP: 50/50 MP: 7/7
   344 | D        | Reached *** piety under Trog
   344 | D        | Reached skill level 9 in Fighting
   347 | D        | Killed a yak
   381 | D        | Got the ring of Ifess {rF+ rC- rCorr Str+2}
   383 | D        | Entered arena 5.
   383 | D        | Noticed a draconian
   383 | D        | Noticed a draconian
   383 | D        | Noticed a draconian
   383 | D        | Noticed a draconian
   383 | D        | Found a transporter.
   384 | D        | Identified the cursed +3 hand axe of Xifos {chop, *Rage
                  | MR+++ Dex+2}
   394 | D        | Killed a draconian
   394 | D        | Reached skill level 10 in Fighting
   394 | D        | Reached skill level 5 in Dodging
   394 | D        | Reached XP level 8. HP: 57/57 MP: 8/8
   395 | D        | Killed a draconian
   395 | D        | Reached **** piety under Trog
   395 | D        | Reached skill level 10 in Shields
   402 | D        | Killed a draconian
   402 | D        | Reached skill level 11 in Fighting
   402 | D        | Reached XP level 9. HP: 64/64 MP: 9/9
   404 | D        | Killed a draconian
   420 | D        | Entered arena 6.
   420 | D        | Found a transporter.
   423 | D        | Reached skill level 10 in Axes
   424 | D        | Reached skill level 12 in Fighting
   429 | D        | Reached ***** piety under Trog
   445 | D        | Entered arena 7.
   445 | D        | Noticed a komodo dragon
   446 | D        | Found a transporter.
   450 | D        | Received a gift from Trog
   455 | D        | Killed a komodo dragon
   455 | D        | Reached XP level 10. HP: 72/72 MP: 10/10
   505 | D        | Got the +2 cloak of Qint {rN+ Regen+ rCorr Str+3}
   514 | D        | Entered arena 8.
   515 | D        | Found a transporter.
   517 | D        | Received a gift from Trog
   517 | D        | Paralysed by a floating eye for 2 turns
   519 | D        | Reached skill level 13 in Fighting
   519 | D        | Received a gift from Trog
   527 | D        | Entered arena 9.
   528 | D        | Found a transporter.
   551 | D        | Entered arena 10.
   552 | D        | Found the ring of Phasing {EV+8}
   552 | D        | Identified the cursed +1 lajatang of the Stork {slice, MR+
                  | Int+4}
   552 | D        | Found a transporter.
   558 | D        | Reached ****** piety under Trog
   559 | D        | Received a gift from Trog
   564 | D        | Reached skill level 10 in Armour
   594 | D        | Got the amulet "Hoblept" {Acrobat rF- rC+ rN+ SInv}
   599 | D        | Got the ring "Astrer" {rC+ MP+9 Str-2 SInv}
   617 | D        | Entered arena 11.
   618 | D        | Found a transporter.
   621 | D        | Received a gift from Trog
   622 | D        | Reached skill level 14 in Fighting
   628 | D        | Reached XP level 11. HP: 80/80 MP: 11/11
   634 | D        | Received a gift from Trog
   692 | D        | Entered arena 12.
   693 | D        | Noticed a wolf spider
   693 | D        | Noticed an entropy weaver
   694 | D        | Found the +8 mithril axe "Arga" {speed, MR+}
   694 | D        | Found a transporter.
   701 | D        | Received a gift from Trog
   702 | D        | Killed a wolf spider
   705 | D        | Killed an entropy weaver
   705 | D        | Reached skill level 15 in Fighting
   724 | D        | Got the amulet of Incredulity {Gourm Int+3 Dex+8 Slay-4
                  | Stlth+}
   795 | D        | Entered arena 13.
   795 | D        | Noticed a spriggan air mage
   795 | D        | Noticed a spriggan air mage
   795 | D        | Noticed an anaconda
   795 | D        | Noticed a spriggan air mage
   795 | D        | Noticed an apis
   795 | D        | Noticed a dire elephant
   795 | D        | Noticed an apis
   796 | D        | Noticed a spriggan defender
   796 | D        | Identified the +3 arbalest "Veniar" {freeze, Dex+5}
   796 | D        | Noticed a spriggan rider
   797 | D        | Found a transporter.
   802 | D        | Killed an anaconda
   802 | D        | Reached skill level 15 in Shields
   805 | D        | Killed a spriggan air mage
   807 | D        | Killed a spriggan defender
   811 | D        | HP: 1/124 [dire elephant (13)]
   812 | D        | Killed a dire elephant
   812 | D        | Received a gift from Trog
   812 | D        | Reached skill level 16 in Fighting
   812 | D        | Reached XP level 12. HP: 1/88 MP: 12/12
   812 | D        | Killed from afar by a spriggan air mage

Levels and vault maps discovered:
D:        sprint_v [room_start, room_1, room_2, room_3, room_4, room_5, room_6,
          room_7, room_8, room_9, room_10, room_11, room_12, room_13, room_14,
          room_15, room_16, room_17, room_18, room_19, room_20, room_21,
          room_22, room_23, room_24, room_25, room_26, room_27]

Skill      XL: |  1  2  3  4  5  6  7  8  9 10 11 |
---------------+----------------------------------+-----
Fighting       | 5 6 8 10 11 12 14 16 | 16.0
Axes           | 4 5 6 7 8 9 10 12 13 | 13.8
Armour         | 3 4 5 6 7 9 10 11 | 11.8
Dodging        | 2 3 4 5 6 7 9 |  9.2
Shields        | 3 4 5 7 8 9 10 12 13 15 | 15.8

Action                   |  1- 3 |  4- 6 |  7- 9 | 10-12 || total
-------------------------+-------+-------+-------+-------++-------
Melee: Broad axe         |     3 |    11 |    41 |    68 ||   123
Invok: Berserk           |     1 |     1 |     2 |     4 ||     8
  Use: Scroll            |       |       |       |     1 ||     1
  Eat: Chunk             |       |       |     1 |     5 ||     6
Armor: Plate armour      |       |    10 |    20 |    49 ||    79
Dodge: Dodged            |     1 |     3 |     6 |    29 ||    39
Block: Shield            |     1 |    21 |    81 |   152 ||   255
